 Dungeon Crawl Stone Soup version 0.29-a0-668-g12ee2bf84d (webtiles) character file.

Game seed: 5321415013349735323

1196 Shayle the Skirmisher (level 8, -5/73 HPs)
             Began as a Hill Orc Wanderer on June 23, 2022.
             Killed from afar by Dowan (25 damage)
             ... with a shard of ice
             ... on level 6 of the Dungeon.
             The game lasted 00:20:55 (6011 turns).

Shayle the Skirmisher (Hill Orc Wanderer)           Turns: 6011, Time: 00:20:56

Health: -5/73      AC:  6    Str: 14    XL:     8   Next: 44%
Magic:  8/8        EV: 10    Int: 12    God:
Gold:   219        SH:  0    Dex: 13    Spells: 7/7 levels left

rFire   . . .      SeeInvis .   a - +3 falchion
rCold   . . .      Faith    .   (no shield)
rNeg    . . .      Spirit   .   i - +0 ring mail
rPois   .          Reflect  .   (no helmet)
rElec   .          Harm     .   c - +0 cloak
rCorr   .          Rampage  .   (no gloves)
Will    .....                   (no boots)
Stlth   ++........              (no amulet)
HPRegen 0.22/turn               (no ring)
MPRegen 0.11/turn               (no ring)

@: no status effects
A: no striking features
a: no special abilities


You were on level 6 of the Dungeon.
You visited 1 branch of the dungeon, and saw 6 of its levels.

You collected 219 gold pieces.

Inventory:

Hand Weapons
 a - a +3 falchion (weapon)
 b - a +0 hand crossbow
 n - a +3 short sword of electrocution
Missiles
 A - a throwing net
Armour
 c - a +0 cloak (worn)
 d - a +0 leather armour
 i - a +0 ring mail (worn)
Wands
 v - a wand of light (1)
 y - a wand of flame (14)
Scrolls
 f - 4 scrolls of teleportation
 h - 2 scrolls of noise
 o - 2 scrolls of vulnerability {unknown}
 p - 2 scrolls of fog {unknown}
 q - 2 scrolls of fear {unknown}
 s - a scroll of poison {unknown}
 t - 2 scrolls of immolation {unknown}
 u - a scroll of blinking {unknown}
 w - a scroll of brand weapon {unknown}
 z - a scroll of amnesia {unknown}
Potions
 e - a potion of heal wounds
 g - 3 potions of curing
 j - a potion of attraction {unknown}
 k - a potion of brilliance {unknown}
 l - a potion of mutation {unknown}
 m - a potion of might {unknown}
 r - 3 potions of magic {unknown}
 x - a potion of ambrosia {unknown}
 B - a potion of degeneration {unknown}


   Skills:
 + Level 7.2 Fighting
 - Level 5.5 Long Blades
 + Level 5.4 Crossbows
 + Level 5.1 Stealth


You had 7 spell levels left.
You didn't know any spells.
Your spell library contained the following spells:

 Spells                   Type           Power      Damage    Failure   Level
 Frozen Ramparts          Ice            0%         1d2       90%         3
 Ice Form                 Ice/Tmut       0%         N/A       100%        4
 Summon Ice Beast         Ice/Summ       0%         N/A       100%        4


Dungeon Overview and Level Annotations

Branches:
Dungeon (6/15)
 Temple: D:4-7

Altars:
Hepliaklqana

Annotations:
D:3 1 runed translucent door, Crazy Yiuf
D:6 Dowan


Message History

Dowan hits you but does no damage. Duvessa hits you with a +0 short sword!
You catch the helpless Duvessa completely off-guard!
You hit Duvessa.
Duvessa is almost dead.
Dowan hits you with a +0 dagger. Duvessa hits you with a +0 short sword.
You strike the helpless Duvessa from behind!
You hit Duvessa but do no damage.
Duvessa is almost dead.
Dowan hits you but does no damage. Duvessa hits you with a +0 short sword!
You hit Duvessa.
You kill Duvessa!
Dowan screams, "No!
Oh no!"
Dowan seems to find hidden reserves of power!
Dowan hits you with a +0 dagger. Dowan closely misses you.
You closely miss Dowan. Dowan hits you with a +0 dagger.
Okay, then.
You miss Dowan. Dowan hits you with a +0 dagger.
Dowan hits you but does no damage.
Aiming: Bolt of Light
Press: ? - help, Shift-Dir - straight line, f - Dowan
Aim: Dowan, wielding a +0 dagger and wearing a +0 robe (fast, 60% to hit)
The bolt of light hits Dowan.
Dowan is lightly wounded.
Dowan is blinded.
Dowan barely misses you.
You hit Dowan.
Dowan is moderately wounded.
Dowan barely misses you. Dowan gestures at you while chanting.
The shard of ice hits you!!
* * * LOW HITPOINT WARNING * * *
You barely miss Dowan.
Dowan is moderately wounded.
Dowan hits you with a +0 dagger.
* * * LOW HITPOINT WARNING * * *
Dowan hits you with a +0 dagger.
* * * LOW HITPOINT WARNING * * *
You feel much better. Dowan casts a spell at you. The shard of ice hits you!!
You die...

#..##.##†#..####.#
#.# #. #........#
#.# #.# ..
#......#.# #.# #.#
.. #.###..#.# #.#
#.# #. ... #....#
#.# #.# . ###.
#.#..# #.# #.# #.
#...>. ..#####.#
#. ###)##
###.....#
#@#######.#####
#.e.......#
###########


You could see Dowan (fast, blind).

Vanquished Creatures
  3 black bears
  Duvessa (D:6)
  An ice beast (D:5)
  2 ogres (D:5)
  2 scorpions
  3 hounds
  5 iguanas
  Terence (D:2)
  An orc wizard (D:4)
  2 gnolls (D:5)
  5 adders
  4 worms
  4 dart slugs (D:4)
  10 orcs
  8 ball pythons
  3 bats
  4 endoplasms
  4 goblins
  7 hobgoblins
  9 jackals
  5 kobolds
  2 quokkas (D:4)
  2 frilled lizards
  3 rats
91 creatures vanquished.

Vanquished Creatures (collateral kills)
  A gnoll shaman (D:5)
  A gnoll (D:5)
2 creatures vanquished.

Grand Total: 93 creatures vanquished

Notes
Turn   | Place    | Note
-------+----------+-------------------------------------------
     0 | D:1      | Shayle the Hill Orc Wanderer began the quest for the Orb.
     0 | D:1      | Shayle set off with the following items: a +3 falchion, a
                  | +0 hand crossbow, a scroll of summoning, a +0 leather
                  | armour.
     0 | D:1      | Reached XP level 1. HP: 18/18 MP: 1/1
   152 | D:1      | Reached XP level 2. HP: 22/25 MP: 2/2
   198 | D:1      | You fall into a shaft and drop 1 floor!
   240 | D:2      | Reached skill level 3 in Fighting
   459 | D:2      | Reached XP level 3. HP: 26/31 MP: 3/3
  1064 | D:2      | Reached XP level 4. HP: 33/38 MP: 4/4
  1333 | D:2      | Noticed Terence
  1344 | D:2      | Killed Terence
  1683 | D:2      | Found a faded altar of an unknown god.
  2092 | D:3      | Reached skill level 4 in Fighting
  2092 | D:3      | Reached XP level 5. HP: 32/46 MP: 5/5
  2279 | D:3      | Found a runed translucent door.
  2280 | D:3      | Noticed Crazy Yiuf
  3001 | D:4      | Found a hazy altar of Hepliaklqana.
  3332 | D:4      | Reached XP level 6. HP: 46/53 MP: 6/6
  4032 | D:4      | Reached skill level 5 in Fighting
  4073 | D:4      | Noticed a black bear
  4079 | D:4      | Killed a black bear
  4242 | D:4      | Noticed a black bear
  4248 | D:4      | Killed a black bear
  4249 | D:4      | Reached XP level 7. HP: 61/61 MP: 7/7
  4298 | D:5      | Entered Level 5 of the Dungeon
  4494 | D:4      | Reached skill level 6 in Fighting
  5081 | D:5      | Reached XP level 8. HP: 24/71 MP: 8/8
  5101 | D:5      | Reached skill level 5 in Crossbows
  5843 | D:6      | Reached skill level 7 in Fighting
  5843 | D:6      | Reached skill level 5 in Stealth
  5982 | D:6      | Noticed Duvessa
  5982 | D:6      | Noticed Dowan
  6005 | D:6      | Killed Duvessa
  6010 | D:6      | HP: 1/73 [Dowan/+0 dagger (3)]
  6011 | D:6      | Killed from afar by Dowan

Illustrated notes

Levels and vault maps discovered:
D:1:      dpeg_arrival_line_fractal, layout_basic
D:2:      layout_basic, nicolae_ecumenical_lake_church, uniq_terence
D:3:      layout_loops_ring, uniq_crazy_yiuf_cottage
D:4:      minmay_diamond_boxcup, layout_loops_ring, mainiacjoe_overflow_catwalk,
          kennysheep_cross_bottleneck
D:5:      layout_rooms
D:6:      layout_basic, minmay_hedge_maze, minmay_manual_monstrance,
          uniq_duvessa, uniq_grinder, uniq_edmund

Skill      XL: |  1  2  3  4  5  6  7  8 |
---------------+-------------------------+-----
Crossbows      | 2 3 4 5 |  5.4
Fighting       | 3 4 5 6 7 |  7.2
Stealth        | 2 3 4 5 |  5.1
Long Blades    | |  5.5

Action                   |  1- 3 |  4- 6 |  7- 9 || total
-------------------------+-------+-------+-------++-------
Melee: Falchion          |    11 |    62 |    87 ||   160
       Short sword       |       |     9 |       ||     9
       Punch             |       |     1 |     2 ||     3
 Fire: Hand crossbow     |    94 |    86 |    52 ||   232
Evoke: Wand              |       |     6 |     4 ||    10
  Use: Scroll            |       |     3 |     2 ||     5
       Potion            |       |       |     3 ||     3
 Stab: Sleeping          |       |     2 |     1 ||     3
       Invisible         |       |     1 |     2 ||     3
Armor: Ring mail         |    31 |    32 |    49 ||   112
Dodge: Dodged            |    41 |    70 |    60 ||   171

Table legend: (Time is in decaauts)
 A = Elapsed time spent in this place.
 B = Non-inter-level travel time spent in this place.
 C = Inter-level travel time spent in this place.
 D = Time resting spent in this place.
 E = Time spent auto-exploring this place.
 F = Levels seen in this place.
 G = Mean time per level.
                   A        B        C        D        E       F      G
               +--------+--------+--------+--------+--------+-----+--------+
         Total |   6113 |   5918 |    195 |   1707 |   3056 |   6 | 1018.8 |
       Dungeon |   6113 |   5918 |    195 |   1707 |   3056 |   6 | 1018.8 |
               +--------+--------+--------+--------+--------+-----+--------+

Top non-repeatable levels by time:
     D:4: 2076 daAuts
     D:2: 1523 daAuts
     D:3: 1145 daAuts
     D:5: 877 daAuts
     D:1: 309 daAuts
     D:6: 180 daAuts
